 Dungeon Crawl Stone Soup version 0.21.0-3-g78d12a8 (webtiles) character file.

101273 myopia the Basher (level 15, -1/189 HPs)
             Began as a Demonspawn Berserker on Jan 9, 2018.
             Was the Champion of Trog.
             Incinerated by a smoke demon (2 damage)
             ... with a sticky flame
             ... on level 4 of the Abyss.
             The game lasted 01:51:31 (21658 turns).

myopia the Basher (Demonspawn Berserker)           Turns: 21658, Time: 01:51:32

Health: -1/189     AC: 29    Str: 24 (25) XL:     15   Next: 82%
Magic:  12/12      EV:  9    Int: 10      God:    Trog [******]
Gold:   1557       SH: 21    Dex: 35      Spells: 14/14 levels left

rFire    . . .     SeeInvis .   R - +9 whip (flame)
rCold    . . .     Gourm    .   h - +3 shield
rNeg     . . .     Faith    .   B - +5 plate armour of Sin {Str+3 Dex+6 Stlth-}
rPois    .         Spirit   .   (helmet unavailable)
rElec    .         Reflect  +   v - +0 cloak
rCorr    .         Harm     .   O - +0 pair of gloves of Marbles {Dex+7}
MR       +++..     Clarity  +   C - +2 pair of boots {run} Stlth ..........Rnd*Tele +
                                x - +4 amulet of reflection
HPRegen  1.41/turn              i - +4 ring of dexterity
MPRegen  0.13/turn              f - +2 ring of protection

@: berserking (expiring), lethally poisoned (-1 -> -1), liquid flames,
regenerating, glowing, heavily drained, very quick
A: horns 3, repulsion field 2, clarity, [deterioration 1], [low mp 2], powered
by pain 2, spiny 1, teleportitis 1
a: Berserk, Trog's Hand, Brothers in Arms, Burn Spellbooks, Renounce Religion


You were on level 4 of the Abyss.
You worshipped Trog.
Trog was exalted by your worship.
You were hungry.

You visited 4 branches of the dungeon, and saw 24 of its levels.
You visited the Abyss 1 time.
You also visited: Labyrinth and Bailey.

You collected 2889 gold pieces.
You spent 1332 gold pieces at shops.

Inventory:

Hand Weapons
 l - a +3 antimagic lajatang
 t - a +2 morningstar of protection
 z - a +3 demon whip of venom
 Q - a +3 quick blade
 R - a +9 whip of flaming (weapon)
Missiles
 T - 8 poisoned tomahawks (quivered)
Armour
 h - a +3 shield (worn)
 v - a +0 cloak (worn)
 A - a +1 crystal plate armour
 B - the +5 plate armour of Sin (worn) {Str+3 Dex+6 Stlth-}
   (You found it on level 5 of the Dungeon)

   It affects your strength (+3).
   It affects your dexterity (+6).
   It makes you less stealthy.
 C - a +2 pair of boots of running (worn)
 O - the +0 pair of gloves of Marbles (worn) {Dex+7}
   (You bought it in a shop on level 2 of the Orcish Mines)

   It affects your dexterity (+7).
Jewellery
 f - a +2 ring of protection (right hand)
 i - a +4 ring of dexterity (left hand)
 q - an uncursed ring of protection from fire
 s - an uncursed ring of protection from magic
 x - a +4 amulet of reflection (around neck)
 I - an uncursed ring of protection from magic
 M - the ring "Iwame" {*Tele +Blink}
   (You bought it in a shop on level 8 of the Dungeon)

   [ring of teleportation]

   It may teleport you next to monsters.
   It lets you blink.
Wands
 k - a wand of random effects (57)
 u - a wand of flame (27)
 w - a wand of polymorph (13)
 E - a wand of acid (10)
 F - a wand of iceblast (21)
 U - a wand of digging (10)
Scrolls
 a - 2 scrolls of fear
 b - 2 scrolls of blinking
 d - 2 scrolls of teleportation
 g - 9 scrolls of remove curse
 H - a scroll of enchant weapon
 J - 3 scrolls of summoning
 L - a scroll of fog
 N - 5 scrolls of identify
 P - 2 scrolls of enchant armour
Potions
 j - 4 potions of resistance
 n - 2 potions of cancellation
 o - 2 potions of flight
 p - 4 potions of ambrosia
 r - 2 potions of might
 D - 3 potions of berserk rage
 G - 5 potions of haste
 K - 7 potions of curing
 Y - 4 potions of heal wounds
Books
 y - a book of Debilitation

   Spells                             Type                      Level
   a - Corona                         Hexes                        1
   b - Slow                           Hexes                        2
   c - Inner Flame                    Hexes/Fire                   3
   d - Portal Projectile              Hexes/Translocation          3
   e - Cause Fear                     Hexes                        4
   f - Leda's Liquefaction            Hexes/Earth                  4
   Trog disapproves of the use of such an item.
Miscellaneous
 e - a lightning rod (4/4)
Comestibles
 c - 38 rations


   Skills:
 - Level 14.0(11.9) Fighting
 + Level 14.7(12.5) Maces & Flails
 - Level 14.0(11.9) Armour
 - Level 1.7(0.2) Dodging
 - Level 11.0(9.0) Shields


You had 14 spell levels left.
You didn't know any spells.

Dungeon Overview and Level Annotations

Branches:
Dungeon (15/15)            Temple (0/1) D:4            Lair (6/6) D:9
  Swamp (0/4) Lair:4       Spider (0/4) Lair:2        Slime (0/5) Lair:6
    Orc (2/2) D:10            Elf (1/3) Orc:2        Vaults (0/5) D:13
 Depths (0/5) D:15

Altars:
Cheibriados
Dithmenos
Fedhas
Kikubaaqudgha
Makhleb
Nemelex Xobeh
Sif Muna
Trog
Vehumet
Wu Jian
Xom
Yredelemnul
Zin
Beogh
Jiyva

Shops:
D:8 **   D:14 [   Orc:2 [([(

Annotations:
D:3 Sigmund


Innate Abilities, Weirdness & Mutations

You have a pair of large horns on your head.
You are surrounded by a moderate repulsion field. (EV +3)
You sometimes gain power by taking damage.
You are partially covered in sharp spines.
You possess an exceptional clarity of mind.
You are occasionally teleported next to monsters.
[Your body sometimes deteriorates upon taking damage.]
[Your magical capacity is very low. (-20% MP)]


Message History

You thrash the naga warrior!! You burn the naga warrior.
You kill the naga warrior!
Trog accepts your kill.
You are covered in liquid flames!
You are too berserk!
You are too berserk!
You are covered in liquid flames!
* * * LOW HITPOINT WARNING * * *
Things that are here:
a dire flail; a robe; a naga corpse You feel a strong urge to attack something.
You are covered in liquid flames!
You are covered in liquid flames!
* * * LOW HITPOINT WARNING * * *
You feel sick.
Things that are here:
a dire flail; a robe; a naga corpse You feel your anger nearly subside.
You are covered in liquid flames!
You die...

# .## # . #
.#.## . # .
#. . ..#.#.
#. # #. ...
..#.## #.
#.####)# #.
#.†..@#
#....####)#
# .. ##.#
.## #.# ..
.# . #. . ≈
## .. .#


There were no monsters in sight!

Vanquished Creatures
  A lich (Abyss:3)
  Kirke (Lair:4)
  An orc warlord (Orc:2)
  A deep elf demonologist (Abyss:3)
  An eidolon (Abyss:3)
  A minotaur (Lab)
  Erolcha (D:9)
  Josephine (Lair:4)
  The ghost of Plasmagod the Slicer, a journeyman NaWr of Cheibriados (D:10)
  An ice dragon (Lair:6)
  A vault guard (D:13)
  5 hydras
  2 naga warriors (Abyss:4)
  A centaur warrior (D:14)
  2 catoblepae
  10 two-headed ogres
  A death knight (D:11)
  A tengu warrior (D:13)
  A thrashing horror (Abyss:4)
  An ogre mage (D:15)
  6 death yaks (Lair:2)
  Urug (D:11)
  Nergalle (D:11)
  Sonja (D:15)
  An unseen horror (Lab)
  Pikel (D:5)
  A phantasmal warrior (D:11)
  2 lindwurms (Lair:6)
  An oklob plant (Lair:3)
  An orc knight (Orc:2)
  16 ugly things
  2 deep elf magi
  4 manticores
  2 orc sorcerers (Orc:2)
  2 cyclopes
  An elephant (D:9)
  2 large abominations (Abyss:3)
  4 black mambas
  A guardian serpent (Abyss:4)
  4 torpor snails (Lair:6)
  A gargoyle (D:13)
  2 smoke demons (Abyss:4)
  8 spiny frogs
  2 rime drakes (Lair:6)
  8 komodo dragons
  A yaktaur (shapeshifter) (D:15)
  A redback zombie (D:14)
  A hellwing (Abyss:4)
  2 freezing wraiths
  6 hornets
  A jumping spider (shapeshifter) (D:15)
  8 trolls
  Prince Ribbit (D:7)
  A queen bee (D:10)
  A troll (shapeshifter) (Abyss:4)
  3 tyrant leeches
  2 tengu conjurers
  A wolf spider simulacrum (D:15)
  5 slime creatures (D:15)
  Grinder (D:5)
  12 hippogriffs
  13 blink frogs
  A spriggan (D:9)
  2 shadows (D:15)
  A ynoxinul (Abyss:3)
  55 yaks
  2 water elementals (D:14)
  6 wraiths
  6 basilisks
  3 wyverns (D:14)
  A hog (Lair:4)
  7 hungry ghosts
  3 vampire mosquitoes
  A spatial vortex (Abyss:3)
  2 wargs
  5 swamp worms (D:9)
  16 water moccasins
  A soldier ant (D:14)
  A porcupine (shapeshifter) (D:15)
  8 porcupines
  A hell hound (Abyss:4)
  41 orc warriors
  6 ice beasts
  3 sky beasts
  A black bear (D:8)
  15 ogres
  4 boggarts (D:15)
  3 phantoms
  9 centaurs
  13 wolves
  10 crocodiles
  A big kobold (D:7)
  13 bullfrogs
  4 scorpions
  28 killer bees (D:10)
  8 wights
  2 electric eels
  4 lava snakes (Lab)
  5 crimson imps
  A wyvern simulacrum (D:14)
  6 hounds
  18 orc priests
  Crazy Yiuf (D:2)
  A bullfrog skeleton (D:11)
  9 centaur skeletons
  3 centaur zombies
  26 orc wizards
  3 iguanas
  10 worker ants
  2 hound skeletons
  A hound zombie (D:5)
  Robin (D:3)
  A gnoll (Orc:1)
  6 adders
  2 shadow imps
  An ooze (D:7)
  17 worms
  4 dart slugs
  4 leopard geckos
  128 orcs
  8 giant cockroaches
  18 goblins
  12 hobgoblins
  5 jackals
  24 kobolds
  3 quokkas
  2 ball pythons
  6 bats
  4 frilled lizards
  A giant cockroach zombie (D:5)
  A jackal skeleton (D:9)
  2 quokka skeletons (D:4)
  A quokka zombie (D:5)
  12 rats
  2 plants
808 creatures vanquished.

Vanquished Creatures (collateral kills)
  A hydra (Lair:6)
  2 torpor snails (Lair:6)
  2 hornets (Lair:6)
  A tyrant leech (Lair:6)
  A blink frog (Lair:6)
  A yak (Lair:6)
8 creatures vanquished.

Vanquished Creatures (others)
  Nessos (Lair:4)
  An orc warrior (Bailey)
  3 centaurs (Lair:2)
  A crocodile (Lair:4)
  An electric eel (Lair:4)
  An orc (Orc:2)
  2 kobolds (D:7)
  A fungus (Lair:3)
  15 plants
26 creatures vanquished.

Grand Total: 842 creatures vanquished

Notes
Turn   | Place    | Note
-------+----------+-------------------------------------------
     0 | D:1      | myopia the Demonspawn Berserker began the quest for the Orb.
     0 | D:1      | Reached XP level 1. HP: 18/18 MP: 1/1
   275 | D:1      | Gained mutation: You sometimes gain a little power by taking damage. [demonic ancestry]
   275 | D:1      | Reached XP level 2. HP: 24/24 MP: 2/2
   748 | D:2      | Gained mutation: You have a pair of small horns on your head. [demonic ancestry]
   748 | D:2      | Reached XP level 3. HP: 19/29 MP: 3/3
   995 | D:2      | Found a sparkling altar of Nemelex Xobeh.
  1076 | D:2      | Reached ** piety under Trog
  1401 | D:2      | Reached XP level 4. HP: 35/35 MP: 4/4
  1687 | D:2      | Found a runed door.
  1691 | D:2      | Noticed Crazy Yiuf
  1697 | D:2      | Killed Crazy Yiuf
  1697 | D:2      | Reached skill level 5 in Maces & Flails
  1757 | D:3      | Noticed Robin
  1837 | D:2      | Reached XP level 5. HP: 39/41 MP: 5/5
  1992 | D:3      | Killed Robin
  2014 | D:3      | Reached *** piety under Trog
  2083 | D:3      | Found an ornate altar of the Wu Jian Council.
  2232 | D:3      | Found a glowing golden altar of the Shining One.
  2234 | D:3      | Found a glowing golden altar of the Shining One.
  2234 | D:3      | Found a shimmering altar of Xom.
  2236 | D:3      | Found a sacrificial altar of Ru.
  2236 | D:3      | Found a radiant altar of Vehumet.
  2236 | D:3      | Found a glowing silver altar of Zin.
  2381 | D:3      | Found a bloodstained altar of Trog.
  2432 | D:3      | Noticed Sigmund
  2433 | D:3      | Found a basalt altar of Yredelemnul.
  2564 | D:4      | Gained mutation: You are surrounded by a mild repulsion field. (EV +2) [demonic ancestry]
  2564 | D:4      | Reached XP level 6. HP: 34/47 MP: 6/6
  2578 | D:4      | Found a staircase to the Ecumenical Temple.
  2884 | D:4      | Found a snail-covered altar of Cheibriados.
  2995 | D:5      | Entered Level 5 of the Dungeon
  2995 | D:5      | Noticed Grinder
  3008 | D:5      | Killed Grinder
  3008 | D:5      | Gained mutation: You sometimes gain power by taking damage. [demonic ancestry]
  3008 | D:5      | Reached XP level 7. HP: 38/52 MP: 7/7
  3228 | D:5      | Found a blossoming altar of Fedhas.
  3228 | D:5      | Found an ancient bone altar of Kikubaaqudgha.
  3230 | D:5      | Got a smoking plate armour
  3252 | D:5      | Identified the +5 plate armour of Sin {Str+3 Dex+6 Stlth-} (You found it on level 5 of the Dungeon)
  3347 | D:5      | Noticed Pikel
  3371 | D:5      | Killed Pikel
  3371 | D:5      | Gained mutation: You have a pair of horns on your head. [demonic ancestry]
  3371 | D:5      | Reached XP level 8. HP: 41/58 MP: 8/8
  3713 | D:6      | Reached skill level 10 in Maces & Flails
  3790 | D:6      | You fall through a shaft for 3 floors!
  3790 | D:9      | Noticed Erolcha
  3796 | D:9      | Killed Erolcha
  3796 | D:9      | Reached **** piety under Trog
  3796 | D:9      | Reached XP level 9. HP: 63/63 MP: 9/9
  4016 | D:8      | Noticed a two-headed ogre
  4107 | D:6      | Got a polished mace
  4275 | D:6      | Found a burning altar of Makhleb.
  5081 | D:7      | Reached skill level 5 in Armour
  5119 | D:7      | Noticed Prince Ribbit
  5134 | D:7      | Killed Prince Ribbit
  5532 | D:8      | Killed a two-headed ogre
  5532 | D:8      | Gained mutation: You are partially covered in sharp spines. [demonic ancestry]
  5532 | D:8      | Reached XP level 10. HP: 65/70 MP: 10/10
  5734 | D:8      | Found Qicwaheo's Assorted Antiques.
  5745 | D:8      | Bought a twitching marble ring for 155 gold pieces
  5749 | D:8      | Identified the ring "Iwame" {*Tele +Blink} (You bought it in a shop on level 8 of the Dungeon)
  5868 | D:8      | Found Liung's General Store.
  6266 | D:8      | Found a radiant altar of Vehumet.
  6267 | D:8      | Found a shadowy altar of Dithmenos.
  6350 | D:8      | Found a deep blue altar of Sif Muna.
  6455 | D:8      | Bought a silvery potion for 27 gold pieces
  6455 | D:8      | Bought a scroll of identify for 62 gold pieces
  6455 | D:8      | Bought a scroll labeled NIYH ITTU DIURUS for 31 gold pieces
  6455 | D:8      | Bought a glowing brown potion for 27 gold pieces
  6539 | D:9      | Found a glowing silver altar of Zin.
  6823 | D:9      | Reached ***** piety under Trog
  6856 | D:9      | Noticed an elephant
  6961 | D:9      | Found a deep blue altar of Sif Muna.
  7014 | D:9      | Found a staircase to the Lair.
  7330 | D:9      | Killed an elephant
  7330 | D:9      | Reached skill level 10 in Armour
  7386 | D:10     | Entered Level 10 of the Dungeon
  7444 | D:10     | Reached skill level 1 in Shields
  7444 | D:10     | Reached XP level 11. HP: 75/75 MP: 11/11
  7491 | D:10     | Noticed Plasmagod's ghost (journeyman NaWr)
  7514 | D:10     | Killed Plasmagod's ghost
  7654 | D:10     | Found a staircase to the Orcish Mines.
  7735 | D:10     | Received a gift from Trog
  7735 | D:10     | Reached skill level 5 in Shields
  8247 | D:11     | Noticed Nergalle
  8303 | D:11     | Killed Nergalle
  8362 | D:11     | Got a transparent robe
  8538 | D:11     | Noticed Urug
  8558 | D:11     | Killed Urug
  8586 | D:11     | Noticed a seven-headed hydra
  8596 | D:11     | Killed a seven-headed hydra
  8681 | D:11     | Noticed a phantasmal warrior
  8692 | D:11     | Killed a phantasmal warrior
  8733 | D:11     | Noticed a brown ugly thing
  8738 | D:11     | Reached XP level 12. HP: 51/81 MP: 12/12
  8844 | D:11     | Noticed a death knight
  8934 | Lair:1   | Entered Level 1 of the Lair of Beasts
  8960 | Lair:1   | Noticed a four-headed hydra
  8973 | Lair:1   | Killed a four-headed hydra
  8973 | Lair:1   | Reached skill level 10 in Shields
  9740 | Lair:1   | Received a gift from Trog
  9782 | Lair:1   | Reached skill level 5 in Fighting
  9854 | Lair:2   | Gained mutation: You possess an exceptional clarity of mind. [potion of mutation]
  9854 | Lair:2   | Gained mutation: You are occasionally teleported next to monsters. [potion of mutation]
  9854 | Lair:2   | Gained mutation: You have a pair of large horns on your head. [potion of mutation]
  9892 | Lair:2   | Noticed an eight-headed hydra
  9900 | Lair:2   | Killed an eight-headed hydra
  9915 | Lair:2   | Found a labyrinth entrance.
  9925 | Lab      | Entered a labyrinth
 10557 | Lab      | Found an exit through the horrors of the Abyss.
 10727 | Lab      | Noticed a minotaur
 10738 | Lab      | Killed a minotaur
 10744 | Lab      | Found the +4 arc blade {discharge, rElec}
 10754 | Lab      | Identified a +0 pair of boots of running (You acquired it in a labyrinth)
 10805 | Lair:2   | Found a hole to the Spider Nest.
 10874 | Lair:2   | Mutation became permanent: You have a pair of horns on your head. [demonic ancestry]
 10874 | Lair:2   | Gained mutation: You have a pair of large horns on your head. [demonic ancestry]
 10874 | Lair:2   | Reached XP level 13. HP: 90/101 MP: 13/13
 10988 | Lair:2   | Reached skill level 10 in Fighting
 11077 | Lair:2   | Found a burning altar of Makhleb.
 12851 | Lair:4   | Noticed Nessos
 12861 | Lair:4   | Killed Nessos
 12893 | Lair:4   | Found a staircase to the Swamp.
 12923 | Lair:4   | Noticed Kirke
 12947 | Lair:4   | Killed Kirke
 12977 | Lair:4   | Noticed Josephine
 12998 | Lair:4   | Killed Josephine
 13862 | Lair:6   | Entered Level 6 of the Lair of Beasts
 13879 | Lair:6   | Gained mutation: You are surrounded by a moderate repulsion field. (EV +3) [demonic ancestry]
 13879 | Lair:6   | Reached XP level 14. HP: 91/119 MP: 14/14
 14198 | Lair:6   | Found a viscous altar of Jiyva.
 14198 | Lair:6   | Found a staircase to the Slime Pits.
 14685 | Lair:6   | Found a runed door.
 14701 | Lair:6   | Paralysed by a hornet for 2 turns
 16378 | D:13     | Received a gift from Trog
 17087 | D:13     | Found a gate to the Vaults.
 17210 | D:14     | Found Dojag's Armour Shop.
 18180 | Orc:1    | Entered Level 1 of the Orcish Mines
 18188 | Orc:1    | Reached XP level 15. HP: 120/126 MP: 15/15
 18268 | Orc:1    | Found a flagged portal.
 18276 | Bailey   | Entered a bailey
 18295 | Bailey   | Reached ****** piety under Trog
 18295 | Bailey   | Received a gift from Trog
 18767 | Orc:2    | Entered Level 2 of the Orcish Mines
 18797 | Orc:2    | Found a staircase to the Elven Halls.
 18799 | Orc:2    | Found a roughly hewn altar of Beogh.
 18800 | Orc:2    | Found Esesaluz's Antique Armour Boutique.
 18829 | Orc:2    | Bought a pair of bloodstained gloves for 389 gold pieces
 18839 | Orc:2    | Identified the +0 pair of gloves of Marbles {Dex+7} (You bought it in a shop on level 2 of the Orcish Mines)
 18931 | Orc:2    | Found Iliogrupua's Antique Weapon Shop.
 19124 | Orc:2    | Noticed an orc warlord
 19154 | Orc:2    | Received a gift from Trog
 19182 | Orc:2    | Killed an orc warlord
 19198 | Orc:2    | Found Bomeit's Antique Armour Shop.
 19213 | Orc:2    | Found a roughly hewn altar of Beogh.
 19220 | Orc:2    | Found Yheyjos's Antique Weapon Boutique.
 19313 | Orc:2    | Found a roughly hewn altar of Beogh.
 19314 | Orc:2    | Found Baanat's General Store.
 19633 | Orc:2    | Found a roughly hewn altar of Beogh.
 19724 | Orc:2    | Found a roughly hewn altar of Beogh.
 20060 | D:8      | Bought a scroll of identify for 62 gold pieces
 20060 | D:8      | Bought a potion of curing for 93 gold pieces
 20060 | D:8      | Bought a potion of heal wounds for 155 gold pieces
 20060 | D:8      | Bought a scale mail for 124 gold pieces
 20060 | D:8      | Bought a runed robe for 114 gold pieces
 20060 | D:8      | Bought a scroll of remove curse for 93 gold pieces
 20216 | D:15     | Entered Level 15 of the Dungeon
 20339 | D:15     | Received a gift from Trog
 20463 | D:15     | Noticed Sonja
 20481 | D:15     | Killed Sonja
 20753 | D:15     | Found a staircase to the Depths.
 21242 | Elf:1    | Entered Level 1 of the Elven Halls
 21242 | Elf:1    | Noticed a deep elf sorcerer
 21251 | Elf:1    | Cast into level 3 of the Abyss (a deep elf sorcerer)
 21316 | Abyss:3  | Noticed a lich
 21346 | Abyss:3  | Killed a lich
 21650 | Abyss:4  | HP: 5/189 [naga warrior/dire flail (22)]
 21655 | Abyss:4  | HP: 3/189 [burnt (3)]
 21657 | Abyss:4  | HP: 1/189 [poisoned by a naga warrior (splash of poison)]
 21658 | Abyss:4  | Incinerated by a smoke demon

Skill      XL: |  1  2  3  4  5  6  7  8  9 10 11 12 13 14 15 |
---------------+----------------------------------------------+-----
Maces & Flails | 3 4 5 6 7 9 11 12 14 | 14.7
Armour         | 6 10 13 14 | 14.0
Shields        | 1 9 11 | 11.0
Fighting       | 9 13 14 | 14.0
Dodging        | |  1.7

Action                   |  1- 3 |  4- 6 |  7- 9 | 10-12 | 13-15 || total
-------------------------+-------+-------+-------+-------+-------++-------
Melee: Mace              |   100 |   244 |    68 |       |       ||   412
       Headbutt          |     8 |    52 |    78 |   273 |   576 ||   987
       Whip              |       |       |   151 |   794 |  1462 ||  2407
Throw: Tomahawk          |       |       |       |       |     1 ||     1
Invok: Berserk           |       |     2 |     5 |     4 |     7 ||    18
       Trog's Hand       |       |     2 |     5 |    10 |    15 ||    32
       Brothers in Arms  |       |       |       |     1 |     2 ||     3
  Use: Scroll            |       |    13 |     5 |    16 |    17 ||    51
       Potion            |       |     4 |       |     4 |       ||     8
 Stab: Sleeping          |     1 |       |       |       |       ||     1
  Eat: Chunk             |     1 |     9 |     7 |    21 |    25 ||    63
       Ration            |       |       |     2 |     2 |     6 ||    10
Armor: Plate armour      |    59 |   189 |    63 |   157 |   285 ||   753
Dodge: Dodged            |     7 |    24 |    25 |   100 |   176 ||   332
Block: Shield            |    45 |   136 |   111 |   440 |  1025 ||  1757
       Reflection        |       |     2 |    19 |    12 |    45 ||    78
